 Dungeon Crawl Stone Soup version 0.29.1-4-g47bece8355 (webtiles) character file.

Game seed: 248513761784447000

483 safid the Shooter (level 6, -2/58 HPs)
             Began as a Minotaur Hunter on Dec 2, 2022.
             Was an Initiate of Okawaru.
             Slain by Pikel
             ... wielding a +0 whip of freezing
              (7 damage)
             ... on level 3 of the Dungeon.
             The game lasted 00:06:42 (4048 turns).

safid the Shooter (Minotaur Hunter)                 Turns: 4048, Time: 00:06:42

Health: -2/58      AC:  2    Str: 13 (16) XL:     6   Next: 88%
Magic:  5/5        EV:  9    Int:  3 (6)  God:    Okawaru [......]
Gold:   213        SH:  0    Dex: 12 (15) Spells: 5/5 levels left

rFire   . . .      SeeInvis .   a - +0 shortbow
rCold   . . .      Faith    .   (shield currently unavailable)
rNeg    . . .      Spirit   .   o - +0 scale mail
rPois   .          Reflect  .   (helmet restricted)
rElec   .          Harm     .   (no cloak)
rCorr   .          Rampage  .   (no gloves)
Will    .....                   (no boots)
Stlth   ..........              (no amulet)
HPRegen 0.19/turn               (no ring)
MPRegen 0.09/turn               (no ring)

@: corroded, hasted, very quick
A: horns 2, retaliatory headbutt
a: Renounce Religion


You were on level 3 of the Dungeon.
You worshipped Okawaru.
Okawaru was noncommittal.
You visited 1 branch of the dungeon, and saw 4 of its levels.

You collected 213 gold pieces.

Inventory:

Hand Weapons
 a - a +0 shortbow (weapon)
Armour
 o - a +0 scale mail (worn)
Wands
 q - a wand of mindburst (11)
Scrolls
 d - a scroll of torment {unknown}
 h - 2 scrolls of teleportation {unknown}
 i - 3 scrolls of identify {unknown}
 k - a scroll of silence {unknown}
 l - a scroll of noise {unknown}
 n - 4 scrolls of enchant armour {unknown}
Potions
 b - a potion of degeneration
 c - a potion of ambrosia
 g - a potion of attraction {unknown}
 j - a potion of mutation {unknown}
 m - a potion of curing {unknown}
 p - a potion of might {unknown}


   Skills:
 + Level 6.5 Fighting
 + Level 7.1 Ranged Weapons
 - Level 2.1 Dodging
 - Level 0.7 Stealth


You had 5 spell levels left.
You didn't know any spells.
Your spell library was empty.

Dungeon Overview and Level Annotations

Branches:
Dungeon (4/15)
 Temple: D:4-7

Altars:
Gozag
Okawaru
Wu Jian

Annotations:
D:3 Pikel


Innate Abilities, Weirdness & Mutations

You have a pair of horns on your head.
You reflexively headbutt those who attack you in melee.


Message History

Press: ? - help, Q - select action, (/) - cycle Shift-Dir - straight line, f/p - Pikel
Aim: Pikel, wielding a +0 whip of freezing and wearing a +0 robe (moderately wounded, 58% to hit)
You shoot an arrow. The arrow closely misses Pikel.
Pikel hits you with a +0 whip of freezing.
* * * LOW HITPOINT WARNING * * *
Pikel freezes you.
* * * LOW HITPOINT WARNING * * *
You feel much better. Pikel barely misses you.
Fire: a) +0 shortbow
Press: ? - help, Q - select action, (/) - cycle Shift-Dir - straight line, f/p - Pikel
Aim: Pikel, wielding a +0 whip of freezing and wearing a +0 robe (moderately wounded, 58% to hit)
You shoot an arrow. The arrow hits Pikel.
Pikel is moderately wounded.
Pikel hits you with a +0 whip of freezing!
Pikel freezes you.
Fire: a) +0 shortbow
Press: ? - help, Q - select action, (/) - cycle Shift-Dir - straight line, f/p - Pikel
Aim: Pikel, wielding a +0 whip of freezing and wearing a +0 robe (moderately wounded, 58% to hit)
You shoot an arrow. The arrow closely misses Pikel.
Pikel hits you with a +0 whip of freezing!
Pikel freezes you.
* * * LOW HITPOINT WARNING * * *
Fire: a) +0 shortbow
Press: ? - help, Q - select action, (/) - cycle Shift-Dir - straight line, f/p - Pikel
Aim: Pikel, wielding a +0 whip of freezing and wearing a +0 robe (moderately wounded, 58% to hit)
You shoot an arrow.
The arrow hits Pikel but does no damage.
Pikel is moderately wounded.
Pikel hits you with a +0 whip of freezing!
* * * LOW HITPOINT WARNING * * *
Pikel freezes you.
* * * LOW HITPOINT WARNING * * *
Fire: a) +0 shortbow
Press: ? - help, Q - select action, (/) - cycle Shift-Dir - straight line, f/p - Pikel
Aim: Pikel, wielding a +0 whip of freezing and wearing a +0 robe (moderately wounded, 58% to hit)
You shoot an arrow.
The arrow hits Pikel but does no damage.
Pikel is moderately wounded.
Pikel hits you with a +0 whip of freezing!
You die...

#.# ###.##.## #....###.... ..#
#.##.######.).....### .##
#...........####### .#
###....####### .#
#.....########## .#
##..##.##.......# # ##
##..###^.........#######
##########...#####...............
................@K.############..
.......)##.######### ###..#
.#.####....# #...##
...#....####### ##.##..
.#####.......>########### #..#..#
.############...........###.##.##
...............................#
#########################..#####
####


You could see Pikel.

Vanquished Creatures
  Sigmund (D:3)
  3 lemures
  2 scorpions
  Terence (D:3)
  An orc wizard (D:4)
  5 adders
  7 worms
  2 dart slugs
  12 orcs
  3 ball pythons (D:1)
  7 endoplasms
  2 giant cockroaches
  7 goblins
  4 hobgoblins
  6 jackals
  6 quokkas
  7 bats
  2 frilled lizards
  6 kobolds
  6 rats
90 creatures vanquished.

Notes
Turn   | Place    | Note
-------+----------+-------------------------------------------
     0 | D:1      | safid the Minotaur Hunter began the quest for the Orb.
     0 | D:1      | Reached XP level 1. HP: 18/18 MP: 0/0
   367 | D:1      | Reached XP level 2. HP: 26/26 MP: 1/1
   899 | D:1      | Found a faded altar of an unknown god.
   903 | D:1      | Reached skill level 5 in Ranged Weapons
   903 | D:1      | Reached XP level 3. HP: 31/31 MP: 2/2
  1540 | D:3      | Reached XP level 4. HP: 40/40 MP: 3/3
  1613 | D:3      | Noticed a scorpion
  1620 | D:3      | Killed a scorpion
  1621 | D:3      | Reached XP level 5. HP: 32/47 MP: 4/4
  1826 | D:3      | Found an iron altar of Okawaru.
  1827 | D:3      | Noticed Terence
  1860 | D:3      | Killed Terence
  1861 | D:3      | Reached skill level 5 in Fighting
  1861 | D:3      | Reached skill level 6 in Ranged Weapons
  1894 | D:3      | Became a worshipper of Warmaster Okawaru
  1994 | D:3      | Noticed Sigmund
  2382 | D:3      | Killed Sigmund
  2383 | D:3      | Reached XP level 6. HP: 41/57 MP: 5/5
  2767 | D:4      | Found an opulent altar of Gozag.
  3057 | D:4      | Reached skill level 7 in Ranged Weapons
  3333 | D:4      | Found an ornate altar of the Wu Jian Council.
  3431 | D:4      | Noticed Pikel
  4048 | D:3      | Slain by Pikel

Illustrated notes

Levels and vault maps discovered:
D:1:      wander_arrival_chamber, layout_loops_ring,
          shapermc_ecumenical_altar_pompeii, minmay_tetromino_i4
D:2:      layout_basic, nicolae_wormholes
D:3:      layout_rooms, mainiacjoe_overflow_brackets, uniq_sigmund, uniq_terence
D:4:      layout_loops_ring, nicolae_gozag_seed_capital,
          nzn_wu_jian_contemplation, uniq_pikel

Skill      XL: |  1  2  3  4  5  6 |
---------------+-------------------+-----
Fighting       | 3 4 5 6 |  6.5
Ranged Weapons | 5 6 7 |  7.1
Dodging        | |  2.1
Stealth        | |  0.7

Action                   |  1- 3 |  4- 6 || total
-------------------------+-------+-------++-------
 Fire: Shortbow          |   121 |   184 ||   305
  Use: Potion            |       |     5 ||     5
Armor: Leather armour    |    16 |       ||    16
       Scale mail        |       |    43 ||    43
Dodge: Dodged            |    30 |    67 ||    97
